 Dungeon Crawl Stone Soup version 0.31-a0-1074-g0b22e4e0f1 (webtiles) character file.

Game seed: 4004559364883019065

88 cowhearter the Poker (level 4, 0/34 HPs)
             Began as a Merfolk Gladiator on Dec 3, 2023.
             Slain by a gnoll
             ... wielding a +0 spear
              (4 damage)
             ... on level 2 of the Dungeon.
             The game lasted 00:03:38 (1374 turns).

cowhearter the Poker (Merfolk Gladiator)            Turns: 1374, Time: 00:03:40

Health: 0/34       AC:  4    Str: 16    XL:     4   Next: 53%
Magic:  4/4        EV: 13    Int:  7    God:
Gold:   35         SH:  0    Dex: 15    Spells: 3/3 levels left

rFire   . . .        a - +0 trident
rCold   . . .        (no shield)
rNeg    . . .        b - +0 leather armour
rPois   .            c - +0 helmet
rElec   .            (no cloak)
rCorr   .            (no gloves)
SInv    .            (no boots)
Will    .....        (no amulet)
Stlth   +            (no ring)
HPRegen 0.25/turn    (no ring)
MPRegen 0.09/turn

%: no passive effects
@: no status effects
A: (nimble swimmer 2), mertail
a: no special abilities


You were on level 2 of the Dungeon.
You visited 1 branch of the dungeon, and saw 2 of its levels.

You collected 35 gold pieces.

Inventory:

Hand Weapons
 a - a +0 trident (weapon)
 n - a +0 sling
Missiles
 d - 3 throwing nets (quivered)
 e - a javelin
Armour
 b - a +0 leather armour (worn)
 c - a +0 helmet (worn)
Scrolls
 g - 3 scrolls of teleportation {unknown}
 h - a scroll of poison {unknown}
 i - a scroll of identify {unknown}
 k - a scroll of butterflies {unknown}
 l - a scroll of acquirement {unknown}
 m - a scroll of amnesia {unknown}
 o - a scroll of noise {unknown}
Potions
 f - a potion of brilliance {unknown}
 j - a potion of attraction {unknown}


   Skills:
 + Level 2.4 Fighting
 * Level 6.0 Polearms
 + Level 2.0 Throwing
 + Level 1.0 Armour
 + Level 4.3 Dodging


You had 3 spell levels left.
You didn't know any spells.
Your spell library contained the following spells:

 Spells                   Type           Power      Damage    Failure   Level
 Summon Forest            Summ/Tloc      0%         N/A       100%        5
 Summon Mana Viper        Hex/Summ       0%         N/A       100%        5
 Summon Cactus Giant      Summ           0%         N/A       100%        6


Dungeon Overview and Level Annotations

Branches:
Dungeon (2/15)

Altars:


Innate Abilities, Weirdness & Mutations

((You are very nimble when in or above water. (Stealth+, EV+, Speed+++)))
Your lower body shifts to a powerful aquatic tail in water.


Message History

HP restored.
You see here a +0 club.
Found 6 stones.
The gnoll shouts! x3
There is an open door here.
You see here a +0 club.
You see here a rat corpse.
There is a stone staircase leading down, spattered with blood here.
You see here a +0 club.
You puncture the gnoll!
The gnoll is severely wounded.
The gnoll hits you with a +0 whip. The gnoll closely misses you.
You puncture the gnoll!
You kill the gnoll!
The gnoll misses you.
Your Armour skill increases to level 1!
The gnoll hits you from afar with a +0 spear.
The gnoll hits you with a +1 halberd of flaming.
The gnoll burns you.
Things that are here:
a +0 whip; a gnoll corpse You hit the gnoll.
The gnoll is lightly wounded.
The gnoll closely misses you.
The gnoll hits you with a +1 halberd of flaming!
* * * LOW HITPOINT WARNING * * *
The gnoll burns you.
* * * LOW HITPOINT WARNING * * *
You puncture the gnoll!
You kill the gnoll!
The gnoll hits you from afar with a +0 spear.
* * * LOW HITPOINT WARNING * * *
Your Polearms skill increases to level 6!
Reach: a) +0 trident
Press: ? - help, Dir - move target, f - gnoll
Aim: a gnoll, wielding a +0 spear (about 35% to evade your +0 trident)
You reach to attack!
You hit the gnoll.
The gnoll is heavily wounded.
The gnoll hits you from afar with a +0 spear.
You die...

####.g##...##.###.##
#.............#...#
#.##..######..#.###
#.##............#
#.###########...#
##.......# #...#
...####### #..g#
...# #.#)# ...#
#.#@# ...# #.#.#
##.# #.#.# #.# #.#.#
#.# #.#.# #.# #.#.#
#.# #.### #.# #.#
#.# #.#


You could see a gnoll.

Vanquished Creatures
  4 gnolls
  2 adders (D:2)
  2 dart slugs (D:1)
  4 ball pythons
  3 endoplasms (D:1)
  3 hobgoblins
  2 quokkas (D:2)
  2 bats (D:1)
  2 frilled lizards
  2 kobolds
  4 rats
30 creatures vanquished.

Notes
Turn   | Place    | Note
-------+----------+-------------------------------------------
     0 | D:1      | cowhearter the Merfolk Gladiator began the quest for the
                  | Orb.
     0 | D:1      | Reached XP level 1. HP: 16/16 MP: 1/1
   126 | D:1      | Reached XP level 2. HP: 19/22 MP: 2/2
   163 | D:1      | Reached skill level 5 in Polearms
   305 | D:1      | Reached XP level 3. HP: 21/27 MP: 3/3
  1177 | D:2      | Reached XP level 4. HP: 26/33 MP: 4/4
  1371 | D:2      | Reached skill level 1 in Armour
  1374 | D:2      | Reached skill level 6 in Polearms
  1374 | D:2      | Slain by a gnoll

Illustrated notes

Levels and vault maps discovered:
D:1:      noname_arrival_rooms_in_the_neighbourhood, layout_basic,
          chequers_mini_garden
D:2:      layout_basic

Skill      XL: |  1  2  3  4 |
---------------+-------------+-----
Polearms       | 5 6 |  6.0
Armour         | 1 |  1.0
Fighting       | |  2.4
Throwing       | |  2.0
Dodging        | |  4.3

Action                     |  1- 3 |  4- 6 || total
---------------------------+-------+-------++-------
  Melee: Trident           |    78 |    13 ||    91
 Armour: Leather armour    |    33 |    10 ||    43
  Dodge: Dodged            |    47 |     5 ||    52

Table legend: (Time is in decaauts)
 A = Elapsed time spent in this place.
 B = Non-inter-level travel time spent in this place.
 C = Inter-level travel time spent in this place.
 D = Time resting spent in this place.
 E = Time spent auto-exploring this place.
 F = Levels seen in this place.
 G = Mean time per level.
                   A        B        C        D        E       F      G
               +--------+--------+--------+--------+--------+-----+--------+
         Total |   1380 |   1286 |     94 |    193 |    684 |   2 |  690.0 |
       Dungeon |   1380 |   1286 |     94 |    193 |    684 |   2 |  690.0 |
               +--------+--------+--------+--------+--------+-----+--------+

Top non-repeatable levels by time:
     D:1: 930 daAuts
     D:2: 449 daAuts
